 Dungeon Crawl Stone Soup version 0.21.0-24-g2553a33 (webtiles) character file.

186 rgaf the Covert (level 5, -6/38 HPs)
             Began as a Vampire Assassin on Jan 22, 2018.
             Mangled by an ogre
             ... wielding a +0 giant club
              (19 damage)
             ... on level 4 of the Dungeon.
             The game lasted 00:03:31 (3012 turns).

rgaf the Covert (Vampire Assassin)                  Turns: 3012, Time: 00:03:32

Health: -6/38      AC:  0    Str: 11    XL:     5   Next: 38%
Magic:  3/5        EV: 18    Int: 14    God:
Gold:   98         SH:  0    Dex: 20    Spells: 4/4 levels left

rFire    . . .     SeeInvis +   (weapon currently unavailable)
rCold    + . .     Gourm    .   (shield currently unavailable)
rNeg     + + .     Faith    .   (armour currently unavailable)
rPois    +         Spirit   .   (helmet currently unavailable)
rElec    .         Reflect  .   (cloak currently unavailable)
rCorr    .         Harm     .   (gloves currently unavailable)
MR       .....                  (boots currently unavailable)
Stlth    ++++++....             (no amulet)
HPRegen  0.06/turn              (ring currently unavailable)
MPRegen  0.09/turn              (ring currently unavailable)

@: bat-form, flying, regenerating slowly, very quick
A: tiny, fangs 3, see invisible
a: End Transformation


You were on level 4 of the Dungeon.
You were very thirsty.
You were in vampire-bat-form.
You visited 1 branch of the dungeon, and saw 4 of its levels.

You collected 98 gold pieces.

Inventory:

Hand Weapons
 a - a +1 short sword of draining (melded)
 b - a +2 dagger of venom
 o - a +0 blowgun
 C - a +2 dagger
Missiles
 e - 46 poisoned needles
 f - 2 curare-tipped needles
 k - 7 tomahawks of returning (quivered)
Armour
 c - a +0 robe (melded)
 d - a +0 cloak
 h - a cursed +0 buckler
 r - a +0 cloak of magic resistance (melded)
 x - a cursed +0 pair of gloves (melded)
Jewellery
 l - a ring of magical power (melded)
 v - a ring of protection from cold (melded)
Wands
 A - a wand of flame (34)
Scrolls
 i - 2 scrolls of teleportation {unknown}
 m - a scroll of noise {unknown}
 p - 4 scrolls of identify {unknown}
 q - 3 scrolls of magic mapping {unknown}
 y - a scroll of amnesia {unknown}
Potions
 g - 21 potions of blood
 j - 2 potions of curing {unknown}
 n - 2 potions of berserk rage {unknown}
 s - a potion of heal wounds {unknown}
 t - 2 potions of flight {unknown}
 u - a potion of ambrosia {unknown}
 w - a potion of invisibility {unknown}
 z - a potion of haste {unknown}
 B - a potion of lignification {unknown}


   Skills:
 - Level 1.7 Fighting
 + Level 4.3 Short Blades
 - Level 1.5 Throwing
 + Level 1.4 Armour
 - Level 1.1 Dodging
 + Level 8.1 Stealth


You had 4 spell levels left.
You didn't know any spells.

Dungeon Overview and Level Annotations

Branches:
Dungeon (4/15)
 Temple: D:4-7

Altars:

Annotations:
D:3 dakvas's ghost, amateur GrFi


Innate Abilities, Weirdness & Mutations

You heal slowly.
You have razor-sharp teeth.
You have supernaturally acute eyesight. (SInv)
((You can survive without breathing.))


Message History

The ogre hits you with a giant club!
You hit the ogre but do no damage. You drain the ogre!
The ogre is moderately wounded.
The ogre hits you with a giant club!
You open the door.
Found 20 bolts and 3 scrolls labeled WOOGIP EGUOPN.
There is an open door here.
Found a short sword.
Found a cloak.
You turn into a vampire bat.
Your +1 short sword of draining melds into your body.
Your +0 cloak of magic resistance melds into your body.
Your cursed +0 pair of gloves melds into your body.
Your +0 robe melds into your body.
Your ring of magical power melds into your body.
Your ring of protection from cold melds into your body.
You feel less resistant to hostile enchantments.
You feel your magic capacity decrease. The ogre hits you with a giant club!!
Ouch! That really hurt!
You die...

#........###.#
#...##..<###.#
# #...
###.#...#.##
#..
##+#'###.).
#.. #....(.?#
#. #.......#
#. #.......#
#..O....#
#..b....#
#.......#
#.......#
#.......#
#.......#
#.[.....#
#########


You could see an ogre.

Vanquished Creatures
  A scorpion (D:3)
  4 adders
  An ooze (D:3)
  3 worms
  2 dart slugs
  3 leopard geckos
  An orc (D:3)
  A ball python (D:2)
  6 giant cockroaches
  10 goblins
  4 hobgoblins
  10 jackals
  6 kobolds
  11 bats
  4 frilled lizards
  A leopard gecko zombie (D:3)
  8 rats
76 creatures vanquished.

Notes
Turn   | Place    | Note
-------+----------+-------------------------------------------
     0 | D:1      | rgaf the Vampire Assassin began the quest for the Orb.
     0 | D:1      | Reached XP level 1. HP: 16/16 MP: 1/1
     8 | D:1      | Reached skill level 6 in Stealth
    55 | D:1      | Reached XP level 2. HP: 7/22 MP: 2/2
   950 | D:1      | Reached XP level 3. HP: 27/27 MP: 3/3
  1376 | D:2      | Reached skill level 7 in Stealth
  1891 | D:2      | Reached XP level 4. HP: 33/33 MP: 4/4
  2057 | D:2      | You fall through a shaft for 2 floors!
  2325 | D:3      | Noticed dakvas's ghost (amateur GrFi)
  2645 | D:3      | Reached skill level 1 in Armour
  2645 | D:3      | Reached skill level 8 in Stealth
  2645 | D:3      | Reached XP level 5. HP: 26/38 MP: 5/5
  2985 | D:4      | Noticed an ogre
  3012 | D:4      | Mangled by an ogre

Skill      XL: |  1  2  3  4 |
---------------+-------------+-----
Stealth        | 6 7 8 |  8.1
Short Blades   | 3 4 |  4.3
Armour         | 1 |  1.4
Fighting       | |  1.7
Throwing       | |  1.5
Dodging        | |  1.1

Action                   |  1- 3 |  4- 6 || total
-------------------------+-------+-------++-------
Melee: Dagger            |   128 |    45 ||   173
       Bite              |     9 |     6 ||    15
       Short sword       |       |    28 ||    28
 Abil: Bat Form          |       |     1 ||     1
  Use: Potion            |       |     2 ||     2
 Stab: Sleeping          |    12 |    10 ||    22
Armor: Robe              |    25 |    11 ||    36
Dodge: Dodged            |    84 |    35 ||   119
